 Dungeon Crawl Stone Soup version 0.23-a0-701-gd76f34b (console) character file.

19 bli the Skirmisher (level 2, 0/25 HPs)
             Began as a Formicid Abyssal Knight on Jan 12, 2019.
             Was a Follower of Lugonu.
             Slain by a bat (1 damage)
             ... on level 2 of the Dungeon.
             The game lasted 00:02:20 (1021 turns).

bli the Skirmisher (Formicid Abyssal Knight)        Turns: 1021, Time: 00:02:21

Health: 0/25       AC:  3    Str: 16    XL:     2   Next: 95%
Magic:  3/3        EV: 11    Int: 11    God:    Lugonu [*.....]
Gold:   73         SH:  0    Dex:  6    Spells: 1/1 levels left

rFire    . . .     SeeInvis +   a - +1 hand axe
rCold    . . .     Gourm    .   (no shield)
rNeg     . . .     Faith    .   b - +0 leather armour
rPois    .         Spirit   .   (helmet unavailable)
rElec    .         Reflect  .   (no cloak)
rCorr    .         Harm     .   (no gloves)
MR       .....                  (no boots)
Stlth    +.........             (no amulet)
HPRegen  0.08/turn              h - -4 ring of dexterity (curse)
MPRegen  0.08/turn              (no ring)

@: no status effects
A: permanent stasis, dig shafts and tunnels, four strong arms, antennae 3
a: Dig, Shaft Self, Depart the Abyss, Renounce Religion


You were on level 2 of the Dungeon.
You worshipped Lugonu.
Lugonu was aware of your devotion.
You were not hungry.

You visited 1 branch of the dungeon, and saw 2 of its levels.
You visited the Abyss 1 time.

You collected 73 gold pieces.

Inventory:

Hand Weapons
 a - a +1 hand axe (weapon)
 n - a +0 mace
 o - a +0 whip
Missiles
 d - 17 stones (quivered)
 q - 12 sling bullets
Armour
 b - a +0 leather armour (worn)
Jewellery
 h - a cursed -4 ring of dexterity (left hand)
Scrolls
 e - 2 scrolls of teleportation {unknown}
 f - 2 scrolls of identify {unknown}
 k - a scroll of enchant armour {unknown}
 m - a scroll of remove curse {unknown}
Potions
 g - a potion of heal wounds {unknown}
 j - a potion of curing {unknown}
 l - a potion of magic {unknown}
 p - a potion of mutation {unknown}
Comestibles
 c - 6 rations
 i - 2 chunks of flesh


   Skills:
 + Level 4.0 Fighting
 * Level 2.4 Axes
 - Level 2.1 Armour
 - Level 0.8 Dodging
 + Level 2.3 Invocations


You had one spell level left.
You didn't know any spells.
Your spell library was empty.

Dungeon Overview and Level Annotations

Branches:
Dungeon (2/15)

Altars:


Innate Abilities, Weirdness & Mutations

You cannot be hasted, slowed, berserked, paralysed or teleported.
You can dig through walls and to a lower floor.
Your four strong arms can wield two-handed weapons with a shield.
You have a pair of large antennae on your head. (SInv)


Message History

The frilled lizard closely misses you.
You barely miss the frilled lizard. You closely miss the bat.
The bat hits you but does no damage. The frilled lizard barely misses you.
You slash the frilled lizard!
You kill the frilled lizard!
Lugonu accepts your kill.
You closely miss the bat. The bat barely misses you. x2
The bat hits you but does no damage. The dart slug launches a dart at you.
The slug dart hits you!
* * * LOW HITPOINT WARNING * * *
You hit the bat.
The bat is severely wounded.
The bat closely misses you. The bat misses you. The bat closely misses you.
The bat closely misses you. The bat hits you but does no damage.
The bat closely misses you. The bat hits you.
You die...

......# .....# #.$..# #....#
#....# #w...# #....# #...)#
##########....#
#.......##....##
#.......@b.#...#
#..........#.(†#
#..........#.†........
#.....)....#..........
#####......#........{.
#......#..........
#####......#..........
#..........#...#......
########..........#...#......
#..............####
#.######.......#


You could see a bat.

Vanquished Creatures
  A dart slug (D:2)
  A leopard gecko (D:1)
  2 bats
  A giant cockroach (D:1)
  A goblin (D:2)
  A hobgoblin (D:1)
  3 frilled lizards
  3 kobolds
  4 rats (D:1)
17 creatures vanquished.

Notes
Turn   | Place    | Note
-------+----------+-------------------------------------------
     0 | Abyss:1  | bli the Formicid Abyssal Knight began the quest for the
                  | Orb.
     0 | Abyss:1  | Reached XP level 1. HP: 18/18 MP: 2/2
   117 | Abyss:1  | Noticed a large abomination
   132 | Abyss:1  | Noticed a thrashing horror
   135 | D:1      | Escaped the Abyss
   335 | D:1      | Reached XP level 2. HP: 23/24 MP: 3/3
   977 | D:2      | Reached * piety under Lugonu
  1008 | D:2      | Reached skill level 4 in Fighting
  1015 | D:2      | HP: 1/25 [dart slug/slug dart (7)]
  1021 | D:2      | Slain by a bat

Vault maps used:
D:1:      psy_arrival_basics
D:2:      lemuel_doored_altar
Abyss:1:  hangedman_abyss_or_decor_passed

Skill      XL: |  1  2 |
---------------+-------+-----
Fighting       | 4 |  4.0
Axes           | |  2.4
Armour         | |  2.1
Dodging        | |  0.8
Invocations    | |  2.3

Action                   || total
-------------------------++-------
Melee: Hand axe          ||    48
Invok: Depart the Abyss  ||     1
 Abil: Dig               ||     1
Armor: Leather armour    ||    18
Dodge: Dodged            ||    44

Table legend:
 A = Non-vault XP
 B = Vault XP
 C = Vault XP percentage of total XP
 D = Non-vault monster count
 E = Vault monster count
 F = Vault count percentage of total count
                 A         B        C        D         E       F
            +---------+---------+-------+---------+---------+-------
      Total |      28 |       0 |   0.0 |      17 |       0 |   0.0
            +---------+---------+-------+---------+---------+-------
        D:1 |      15 |       0 |   0.0 |      10 |       0 |   0.0
        D:2 |      13 |       0 |   0.0 |       7 |       0 |   0.0
            +---------+---------+-------+---------+---------+-------
